[Event "Tuesday Night Engine Tour 13 Rd Swiss 5m+1s Starts at 2200hrs"]
[Site "Infinity Chess"]
[Date "2018.1.31"]
[Round "8"]
[White "Time_bandit"]
[Black "incredible"]
[Result "1/2-1/2"]
[ECO "A46"]
[WhiteElo "2538"]
[BlackElo "2510"]
[WhiteEngine "asmfish-popcnt-012018-W"]
[BlackEngine "Stockfish_x64_bmi2"]
[EventType "Swiss"]
[WhiteTeam ""]
[BlackTeam ""]
[PlyCount "195"]
[TimeControl "300+1"]

1. d4 Nf6 2. Nf3 d6 3. c4 Bg4 4. Nc3 Nbd7 5. h3 Bxf3 6. exf3 c6 7. Bd3 g6 
8. O-O Bg7 9. Be3 O-O 10. Qc2 e6 11. b3 d5 12. Rfe1 Rc8 13. Rad1 c5 
14. dxc5 Nxc5 15. Bf1 Qa5 16. Rb1 Na6 17. Qc1 Rfd8 18. Nb5 Nc7 19. a4 Nxb5 
20. axb5 dxc4 21. bxc4 Nd7 22. Bg5 Re8 23. Rd1 Nc5 24. g3 a6 25. Be3 Red8 
26. Rxd8+ Qxd8 27. Qe1 Bf8 28. Rd1 Qc7 29. Bf4 Qb6 30. Bd2 Na4 31. Kg2 axb5 
32. cxb5 Bg7 33. Ba5 Qa7 34. Rd7 Qa8 35. Qb4 Nc5 36. Rd1 Bf8 37. Qe1 Bg7 
38. Bb4 b6 39. Rd6 Na4 40. Bd2 Bf8 41. Rd4 Bg7 42. Rd6 Bf8 43. Rd4 Bg7 
44. Rd3 Nc5 45. Rd6 Qb8 46. Rc6 Qb7 47. Rxc8+ Qxc8 48. Be3 Qd8 49. Qb4 Nd7 
50. Qd2 Bf6 51. h4 Be7 52. Bc4 Qc7 53. Qa2 Bc5 54. Bf4 Qd8 55. Qd2 Be7 
56. Be3 Qc7 57. Bf4 Qd8 58. Qe2 Bf6 59. Qa2 Bd4 60. Bh6 Bc5 61. Bd3 Nf6 
62. Be4 Nd5 63. Qa7 Qc8 64. Qa2 Qd8 65. Qa7 Qc8 66. Qa6 Qd8 67. Qb7 Ne7 
68. Bc2 Nd5 69. Bb3 Nc7 70. Bg5 Qd4 71. Be3 Qd6 72. Bf4 Qd4 73. Be3 Qd6 
74. Bh6 Qd8 75. Bc4 Ne8 76. Qa7 Bd4 77. Qa3 Bc5 78. Qa7 Bd4 79. Qa4 Bc5 
80. Qc2 Nf6 81. Qb3 Qd4 82. Qc2 Qa1 83. Qd2 Qd4 84. Qa2 Kh8 85. Qc2 Qe5 
86. Bf4 Qa1 87. Bg5 Kg7 88. Bc1 Bd4 89. Ba2 h6 90. Qd2 h5 91. Qc2 Kh7 
92. Bd2 Kg8 93. Bxe6 fxe6 94. Qxg6+ Kh8 95. Qh6+ Kg8 96. Qg6+ Kh8 97. Qh6+ Kg8 
98. Qg6+ 1/2-1/2

[Event "Tuesday Night Engine Tour 13 Rd Swiss 5m+1s Starts at 2200hrs"]
[Site "Infinity Chess"]
[Date "2018.1.31"]
[Round "8"]
[White "MarioDeMonti"]
[Black "Victorious"]
[Result "1/2-1/2"]
[ECO "C50"]
[WhiteElo "2529"]
[BlackElo "2534"]
[WhiteEngine "stockfish_x64_bmi2_2018_01_23_CTG"]
[BlackEngine "BugChess2.41_Release"]
[EventType "Swiss"]
[WhiteTeam ""]
[BlackTeam ""]
[PlyCount "88"]
[TimeControl "300+1"]

1. e4 e5 2. Nf3 Nc6 3. Bc4 Bc5 4. O-O Nf6 5. d3 d6 6. c3 O-O 7. Bg5 h6 8. Bh4 g5 
9. Bg3 a6 10. Nbd2 Ba7 11. a4 Nh7 12. h3 h5 13. Kh1 Kh8 14. b4 h4 15. Bh2 g4 
16. hxg4 Bxg4 17. b5 Na5 18. Ba2 Qf6 19. d4 Rae8 20. Qb1 Qh6 21. Qd3 f5 
22. exf5 Bxf5 23. Qe3 Qh5 24. Nxe5 Nf6 25. Nf7+ Rxf7 26. Bxf7 Qxf7 27. Qh6+ Kg8 
28. Qxh4 Rf8 29. Rae1 Qh7 30. Qxh7+ Bxh7 31. Re3 Re8 32. Rxe8+ Nxe8 33. Re1 Nf6 
34. Re3 Bb6 35. Bf4 Bc2 36. Bg5 Kg7 37. Bh4 Ng8 38. Rg3+ Kf8 39. bxa6 bxa6 
40. Kh2 Bxa4 41. Rf3+ Kg7 42. Rg3+ Kf8 43. Rf3+ Kg7 44. Rg3+ Kf8 1/2-1/2

[Event "Tuesday Night Engine Tour 13 Rd Swiss 5m+1s Starts at 2200hrs"]
[Site "Infinity Chess"]
[Date "2018.1.31"]
[Round "8"]
[White "RonWeasley"]
[Black "SkyPilot"]
[Result "1/2-1/2"]
[ECO "B97"]
[WhiteElo "2537"]
[BlackElo "2471"]
[WhiteEngine "BrainFish 060118_CTG"]
[BlackEngine "stockfish_x64_bmi2_2018_01_23_CTG"]
[EventType "Swiss"]
[WhiteTeam ""]
[BlackTeam ""]
[PlyCount "93"]
[TimeControl "300+1"]

1. e4 c5 2. Nf3 d6 3. d4 cxd4 4. Nxd4 Nf6 5. Nc3 a6 6. Bg5 e6 7. f4 Qb6 
8. Qd2 Qxb2 9. Rb1 Qa3 10. e5 h6 11. Bh4 dxe5 12. fxe5 g5 13. exf6 gxh4 
14. Be2 Qa5 15. O-O Nd7 16. Kh1 Qg5 17. Rf4 e5 18. Nd5 exd4 19. Qxd4 Bc5 
20. Qe4+ Kd8 21. Rf5 Re8 22. Qxe8+ Kxe8 23. Rxg5 hxg5 24. Nc7+ Kd8 25. Nxa8 Nxf6 
26. Bf3 b5 27. Rd1+ Ke7 28. Nc7 g4 29. Nd5+ Nxd5 30. Bxd5 h3 31. gxh3 gxh3 
32. Be4 Be6 33. Bd5 Bc8 34. Re1+ Kd6 35. Re8 Bd7 36. Rd8 Bb6 37. Rxd7+ Kxd7 
38. Bxf7 b4 39. Bc4 a5 40. Bb5+ Ke6 41. Bf1 Ke5 42. Bxh3 a4 43. Kg2 Bd4 
44. Kg3 b3 45. cxb3 axb3 46. axb3 Kd6 47. Kh4 1/2-1/2

[Event "Tuesday Night Engine Tour 13 Rd Swiss 5m+1s Starts at 2200hrs"]
[Site "Infinity Chess"]
[Date "2018.1.31"]
[Round "8"]
[White "MGR"]
[Black "MCDermont"]
[Result "1/2-1/2"]
[ECO "C11"]
[WhiteElo "2525"]
[BlackElo "2556"]
[WhiteEngine "asmFishW_2017-08-25_bmi2"]
[BlackEngine "BrainFish 060118_CTG"]
[EventType "Swiss"]
[WhiteTeam ""]
[BlackTeam ""]
[PlyCount "62"]
[TimeControl "300+1"]

1. e4 e6 2. d4 d5 3. Nc3 Nf6 4. e5 Nfd7 5. f4 c5 6. Nf3 Nc6 7. Be3 cxd4 
8. Nxd4 Qb6 9. Qd2 Qxb2 10. Rb1 Qa3 11. Bb5 Nxd4 12. Bxd4 a6 13. Rb3 Qe7 
14. Ba4 g6 15. O-O Bg7 16. Bxd7+ Qxd7 17. Bc5 b5 18. Qd4 Qc7 19. a4 Bd7 
20. axb5 Rc8 21. Ba3 Bxb5 22. Nxb5 axb5 23. Rxb5 Bf8 24. Bd6 Qc6 25. Rb6 Qxc2 
26. Qb4 Qc4 27. Bxf8 Rxf8 28. Qd6 Qc7 29. Qb4 Qc4 30. Qd6 Qc7 31. Qb4 Qc4 
1/2-1/2

[Event "Tuesday Night Engine Tour 13 Rd Swiss 5m+1s Starts at 2200hrs"]
[Site "Infinity Chess"]
[Date "2018.1.30"]
[Round "7"]
[White "koalachess"]
[Black "SkyPilot"]
[Result "0-1"]
[ECO "C58"]
[WhiteElo "2282"]
[BlackElo "2462"]
[WhiteEngine "asmFishW_2017-11-19_popcnt_CTG"]
[BlackEngine "stockfish_x64_bmi2_2018_01_23_CTG"]
[EventType "Swiss"]
[WhiteTeam ""]
[BlackTeam ""]
[PlyCount "142"]
[TimeControl "300+1"]

1. e4 e5 2. Nf3 Nc6 3. Bc4 Nf6 4. Ng5 d5 5. exd5 Na5 6. Bb5+ c6 7. dxc6 bxc6 
8. Qf3 Rb8 9. Bd3 Bd6 10. O-O Bg4 11. Qg3 e4 12. Qe3 O-O 13. Bxe4 h6 14. h3 Bh5 
15. Nf3 Re8 16. d3 Nc4 17. dxc4 Nxe4 18. Qd3 Bg6 19. c5 Nxc5 20. Qd1 Ne4 
21. Nbd2 Nxd2 22. Nxd2 Rb5 23. c4 Rf5 24. Nb3 Rxf2 25. Kxf2 Qh4+ 26. Kg1 Qg3 
27. Bf4 Bxf4 28. Rxf4 Qxf4 29. Qf1 Qe3+ 30. Qf2 Qd3 31. Nc5 Qxc4 32. b3 Qd5 
33. Na4 Kh7 34. Nb2 Re4 35. Rf1 Qd6 36. Nc4 Qe7 37. Qf3 a5 38. Kh2 a4 
39. Qg3 Re2 40. Rf2 Qe6 41. Qf3 Rxf2 42. Qxf2 Be4 43. Qg3 Bd5 44. Ne5 a3 
45. Qd3+ Kg8 46. Nc4 h5 47. Kg1 Qe1+ 48. Qf1 Qxf1+ 49. Kxf1 Bxc4+ 50. bxc4 f5 
51. Kf2 Kf7 52. Kg3 g5 53. h4 g4 54. Kf4 Ke6 55. Ke3 Ke5 56. g3 c5 57. Ke2 Ke4 
58. Ke1 Kf3 59. Kd1 f4 60. Ke1 Kxg3 61. Kd2 f3 62. Ke3 f2 63. Ke2 Kg2 
64. Ke3 f1=Q 65. Ke4 Qd1 66. Kf5 g3 67. Ke4 Kf2 68. Kf5 g2 69. Ke4 g1=Q 
70. Kf5 Qd6 71. Ke4 Qg4# 0-1

[Event "Tuesday Night Engine Tour 13 Rd Swiss 5m+1s Starts at 2200hrs"]
[Site "Infinity Chess"]
[Date "2018.1.30"]
[Round "7"]
[White "Ryzen"]
[Black "star99"]
[Result "1/2-1/2"]
[ECO "D02"]
[WhiteElo "2459"]
[BlackElo "2454"]
[WhiteEngine "Houdini 6"]
[BlackEngine "Cryptic AIL V2"]
[EventType "Swiss"]
[WhiteTeam ""]
[BlackTeam ""]
[PlyCount "95"]
[TimeControl "300+1"]

1. d4 d5 2. Nf3 e6 3. Bf4 Nf6 4. e3 Bd6 5. Bxd6 Qxd6 6. c4 b6 7. cxd5 exd5 
8. Nc3 O-O 9. Rc1 a6 10. Ne5 c5 11. f4 Bb7 12. Bd3 cxd4 13. exd4 b5 14. Bb1 Ne4 
15. O-O Nd7 16. Re1 Ndf6 17. Qd3 Rfe8 18. Qe3 Qb6 19. h3 Rad8 20. a4 Re7 
21. axb5 axb5 22. g4 Nxc3 23. Qxc3 Ne4 24. Qb4 Rde8 25. Kg2 Qf6 26. Bxe4 dxe4 
27. Kg3 h5 28. gxh5 Qh6 29. Qxb5 Qxh5 30. Qe2 Qh6 31. Rc5 Qd6 32. Qc4 Rd8 
33. b4 Bd5 34. Qc3 Ra7 35. Ra5 Rb7 36. Rc5 Kh7 37. Ng4 Ra8 38. Ne3 Qg6+ 
39. Kf2 Ra2+ 40. Re2 Qh5 41. Rxa2 Qf3+ 42. Kg1 Bxa2 43. Qe1 Be6 44. Qh4+ Kg8 
45. Qd8+ Kh7 46. Qh4+ Kg8 47. Qd8+ Kh7 48. Qh4+ 1/2-1/2

[Event "Tuesday Night Engine Tour 13 Rd Swiss 5m+1s Starts at 2200hrs"]
[Site "Infinity Chess"]
[Date "2018.1.30"]
[Round "7"]
[White "MGR"]
[Black "BraveDevil"]
[Result "1-0"]
[ECO "C55"]
[WhiteElo "2512"]
[BlackElo "2444"]
[WhiteEngine "asmFishW_2017-08-25_bmi2"]
[BlackEngine "Cryptic AIL V2"]
[EventType "Swiss"]
[WhiteTeam ""]
[BlackTeam ""]
[PlyCount "315"]
[TimeControl "300+1"]

1. e4 e5 2. Nf3 Nc6 3. Bc4 Nf6 4. d3 Be7 5. O-O O-O 6. Re1 d6 7. a4 Na5 
8. Ba2 c5 9. Na3 Nc6 10. Nc4 Be6 11. Bd2 Rc8 12. h3 Nb4 13. Bxb4 cxb4 
14. Ng5 Bd7 15. Ne3 h6 16. Nf3 Be6 17. Bb3 b6 18. Rc1 Nd7 19. Nd5 Bg5 20. Rb1 a5 
21. Bc4 Rc5 22. Qe2 Bxd5 23. Bxd5 Rc7 24. Qd1 Bf6 25. Ra1 Rc8 26. Qe2 Qe8 
27. Bc4 Nc5 28. Bb5 Qe6 29. c3 bxc3 30. bxc3 Rfd8 31. Bc4 Qd7 32. Qc2 Qa7 
33. Bd5 Na6 34. Qb3 Nc5 35. Qd1 Qd7 36. Ra3 Rb8 37. Qc2 Rdc8 38. Rb1 Ne6 
39. Nd2 Nf4 40. Bc4 Rc5 41. Ra2 Bd8 42. Qd1 g6 43. h4 Rbc8 44. g3 Nh5 
45. Ba6 Ra8 46. Bb5 Qh3 47. Nc4 Ra7 48. Rab2 Qe6 49. Ne3 Qh3 50. Qe1 Rc8 
51. Bc4 Kg7 52. Qf1 Qxf1+ 53. Kxf1 Nf6 54. Ke2 Raa8 55. f4 Ra7 56. Kf3 Re7 
57. Rc2 Re8 58. f5 h5 59. Ke2 Rc5 60. Rf1 Rf8 61. Kd1 Rc8 62. Kd2 Rc5 
63. Kd1 Re8 64. Kd2 Rf8 65. Rb2 Re8 66. Rh1 Rc8 67. Rf1 Rf8 68. Bd5 Rc5 
69. Bb7 Rc7 70. Rxb6 Rxc3 71. Rb5 Ra3 72. Nc2 Ra2 73. Kc3 Ng4 74. Rc1 Rxa4 
75. Kb3 Rd4 76. Nxd4 exd4 77. Rc8 Bf6 78. Rxf8 Kxf8 79. Bc8 Nf2 80. Kc4 a4 
81. Rb8 gxf5 82. Bxf5+ Ke7 83. Rb7+ Kf8 84. Rb8+ Ke7 85. Rb7+ Kf8 86. Bd7 Be5 
87. Bxa4 Bxg3 88. Kxd4 Bxh4 89. Ke3 Ng4+ 90. Kf4 Ne5 91. d4 Ng6+ 92. Kf3 Bf6 
93. Bb3 Ne7 94. Rb6 Bxd4 95. Rxd6 Bb2 96. Rh6 f5 97. Rxh5 fxe4+ 98. Kxe4 Ke8 
99. Rb5 Ba3 100. Rb7 Bd6 101. Be6 Bg3 102. Ra7 Kd8 103. Rd7+ Ke8 104. Rb7 Bh2 
105. Kd3 Bg3 106. Ke3 Bh2 107. Kd3 Bg3 108. Ke4 Kd8 109. Rd7+ Ke8 110. Rd3 Bb8 
111. Rd1 Bc7 112. Rh1 Ng6 113. Rh6 Nf8 114. Bg4 Kf7 115. Kd5 Ke7 116. Ra6 Bf4 
117. Bh5 Bd2 118. Ra7+ Kf6 119. Be8 Bb4 120. Rf7+ Kg5 121. Ke4 Ba3 122. Rf5+ Kg4 
123. Bh5+ Kh4 124. Bd1 Nd7 125. Rf3 Bd6 126. Kf5 Bg3 127. Bb3 Kh3 128. Rc3 Kh2 
129. Be6 Nf8 130. Kg4 Nxe6 131. Rxg3 Nc5 132. Rc3 Nd7 133. Rc2+ Kg1 
134. Rc7 Ne5+ 135. Kf4 Nd3+ 136. Ke3 Nb4 137. Rc4 Nd5+ 138. Ke4 Nb6 139. Rc7 Kf2 
140. Kd4 Kf3 141. Rb7 Na8 142. Kc5 Ke4 143. Ra7 Nb6 144. Kxb6 Kd4 145. Ra4+ Kd5 
146. Rh4 Ke5 147. Kc6 Kf5 148. Kd6 Kg5 149. Re4 Kf5 150. Rb4 Kf6 151. Rb5 Kf7 
152. Rf5+ Kg6 153. Ke6 Kg7 154. Rg5+ Kh6 155. Kf6 Kh7 156. Rh5+ Kg8 157. Rh1 Kf8 
158. Rh8# 1-0

[Event "Tuesday Night Engine Tour 13 Rd Swiss 5m+1s Starts at 2200hrs"]
[Site "Infinity Chess"]
[Date "2018.1.30"]
[Round "7"]
[White "KULLANI"]
[Black "Time_bandit"]
[Result "1/2-1/2"]
[ECO "C55"]
[WhiteElo "2506"]
[BlackElo "2539"]
[WhiteEngine "BrainFish_180124_x64_CTG"]
[BlackEngine "asmfish-popcnt-012018-W"]
[EventType "Swiss"]
[WhiteTeam ""]
[BlackTeam ""]
[PlyCount "120"]
[TimeControl "300+1"]

1. e4 e5 2. Nf3 Nc6 3. Bc4 Nf6 4. d3 Bc5 5. c3 d6 6. O-O a5 7. Bg5 Ba7 
8. Nbd2 h6 9. Bh4 Qe7 10. Re1 g5 11. Bg3 g4 12. Nh4 Nh5 13. Nf5 Bxf5 
14. exf5 Qg5 15. Ne4 Qxf5 16. Bh4 Qg6 17. Kh1 f5 18. Nd2 Kf8 19. Qa4 Kg7 
20. d4 Rhe8 21. Ba6 Nd8 22. Bc4 Nc6 23. Ba6 Nd8 24. Bf1 c6 25. dxe5 dxe5 
26. Qxa5 Nf7 27. Qc7 Qd6 28. Qxd6 Nxd6 29. Rad1 Nf6 30. f3 f4 31. Nc4 Nf5 
32. Bxf6+ Kxf6 33. fxg4 Ne3 34. Rd6+ Re6 35. Rxe6+ Kxe6 36. Nxe3 Bxe3 
37. Bc4+ Kf6 38. g3 Rd8 39. gxf4 exf4 40. Kg2 b5 41. Bf1 Rd2+ 42. Re2 Rd1 
43. Rc2 Ke5 44. Be2 Rg1+ 45. Kf3 Rh1 46. Bd3 Rd1 47. Be4 Rf1+ 48. Ke2 Rf2+ 
49. Ke1 Rxc2 50. Bxc2 f3 51. h4 Bc1 52. b3 Kf4 53. g5 hxg5 54. hxg5 Bb2 
55. Kd2 f2 56. Ke2 Kxg5 57. Kxf2 Bxc3 58. Kf3 c5 59. Be4 c4 60. bxc4 bxc4 
1/2-1/2

[Event "Tuesday Night Engine Tour 13 Rd Swiss 5m+1s Starts at 2200hrs"]
[Site "Infinity Chess"]
[Date "2018.1.30"]
[Round "7"]
[White "MCDermont"]
[Black "localhero"]
[Result "1-0"]
[ECO "C55"]
[WhiteElo "2542"]
[BlackElo "2492"]
[WhiteEngine "BrainFish 060118_CTG"]
[BlackEngine "asmfish-popcnt-012018-W"]
[EventType "Swiss"]
[WhiteTeam ""]
[BlackTeam ""]
[PlyCount "185"]
[TimeControl "300+1"]

1. e4 e5 2. Nf3 Nc6 3. Bc4 Nf6 4. d3 Bc5 5. c3 d6 6. Bb3 a6 7. Nbd2 O-O 
8. O-O Ba7 9. Re1 Ng4 10. Re2 Kh8 11. h3 Nh6 12. Nf1 f5 13. Bg5 Qd7 14. a4 fxe4 
15. Rxe4 Nf5 16. Qe2 Qe8 17. d4 h6 18. Be3 Qg6 19. Bc2 exd4 20. cxd4 Nb4 
21. Bb1 Qf7 22. Bd2 Nd5 23. Qd3 Bd7 24. N1h2 Qg8 25. Ba2 Rfe8 26. Ree1 Rad8 
27. g4 Nfe7 28. Re2 Ng6 29. Rxe8 Bxe8 30. Re1 c6 31. a5 Rd7 32. Nf1 Qf8 
33. Bb1 Re7 34. Rxe7 Qxe7 35. Ng3 Qd7 36. Nh4 Nf8 37. Bc2 Bf7 38. b4 Be6 
39. Nhf5 Bb8 40. h4 Qf7 41. Qe4 Ne7 42. Nxe7 Qxe7 43. Nf5 Qf7 44. Bf4 d5 
45. Qe3 Bxf5 46. Bxf5 Bxf4 47. Qxf4 Qe7 48. Qe5 Qxb4 49. Qe8 Qd6 50. Qf7 Qb8 
51. Kf1 Qd8 52. h5 Qa8 53. Kg1 Qb8 54. Kg2 Nh7 55. Qe6 Qg8 56. Qc8 Ng5 
57. Qxb7 Ne6 58. Qxa6 Nxd4 59. Qc8 Qxc8 60. Bxc8 Nb5 61. Bd7 Na7 62. Be6 Kh7 
63. Bf7 c5 64. Kf3 d4 65. Ke4 Nc8 66. a6 Kh8 67. Be6 Nb6 68. a7 Kh7 69. Bf7 Kh8 
70. Kd3 Kh7 71. f4 g6 72. hxg6+ Kg7 73. Bd5 Kxg6 74. a8=Q Nxa8 75. Bxa8 Kf6 
76. Be4 Ke6 77. Kc4 Kd6 78. Bd3 Kc6 79. g5 hxg5 80. fxg5 Kd6 81. Bh7 d3 
82. Bxd3 Ke7 83. Kxc5 Kf8 84. Kd6 Kf7 85. Ke5 Ke7 86. g6 Kf8 87. Kf6 Ke8 
88. g7 Kd7 89. g8=Q Kc6 90. Qc8+ Kd6 91. Be2 Kd5 92. Qc7 Ke4 93. Qe5# 1-0

[Event "Tuesday Night Engine Tour 13 Rd Swiss 5m+1s Starts at 2200hrs"]
[Site "Infinity Chess"]
[Date "2018.1.30"]
[Round "7"]
[White "incredible"]
[Black "Victorious"]
[Result "1/2-1/2"]
[ECO "D30"]
[WhiteElo "2509"]
[BlackElo "2535"]
[WhiteEngine "Stockfish_x64_bmi2"]
[BlackEngine "BugChess2.41_Release"]
[EventType "Swiss"]
[WhiteTeam ""]
[BlackTeam ""]
[PlyCount "82"]
[TimeControl "300+1"]

1. d4 d5 2. c4 e6 3. Nf3 Nf6 4. Nc3 c6 5. Bg5 h6 6. Bxf6 Qxf6 7. e3 g6 
8. Bd3 Nd7 9. e4 dxe4 10. Nxe4 Qg7 11. O-O Be7 12. c5 O-O 13. Qb3 e5 
14. dxe5 Nxe5 15. Nxe5 Qxe5 16. Rfe1 Bxc5 17. Nxc5 Qxc5 18. Bxg6 Be6 
19. Qc2 Qxc2 20. Bxc2 Rad8 21. Rad1 c5 22. a4 Kg7 23. f3 Rxd1 24. Rxd1 Rc8 
25. f4 f5 26. Rd6 Kf7 27. Kf2 Ke7 28. Rd3 Rc6 29. b3 Rb6 30. Rc3 Kd6 31. g3 Rb4 
32. Re3 b6 33. Ke2 Rd4 34. Rd3 Rxd3 35. Kxd3 Kc7 36. Kc3 Kd6 37. Kb2 Ke7 
38. h3 Kd6 39. Kc3 Kd5 40. h4 a6 41. Bd3 a5 1/2-1/2

[Event "Tuesday Night Engine Tour 13 Rd Swiss 5m+1s Starts at 2200hrs"]
[Site "Infinity Chess"]
[Date "2018.1.30"]
[Round "7"]
[White "Dovahkiin"]
[Black "MarioDeMonti"]
[Result "1/2-1/2"]
[ECO "C77"]
[WhiteElo "2483"]
[BlackElo "2531"]
[WhiteEngine "BrainFish_180128_x64_modern_CTG"]
[BlackEngine "stockfish_x64_bmi2_2018_01_23_CTG"]
[EventType "Swiss"]
[WhiteTeam ""]
[BlackTeam ""]
[PlyCount "101"]
[TimeControl "300+1"]

1. e4 e5 2. Nf3 Nc6 3. Bb5 a6 4. Ba4 Nf6 5. O-O Be7 6. Re1 b5 7. Bb3 O-O 
8. a4 b4 9. a5 d6 10. d3 Be6 11. Bxe6 fxe6 12. Nbd2 Qe8 13. c3 Rb8 14. d4 Rb5 
15. dxe5 dxe5 16. Nc4 Bc5 17. h3 Nh5 18. Be3 Qe7 19. Ncd2 bxc3 20. bxc3 h6 
21. Qc2 Kh7 22. Ra4 Bxe3 23. Rxe3 Rd8 24. Nc4 Nf6 25. Kh2 Nd7 26. Ra2 Qf8 
27. Ne1 Nc5 28. Nf3 Nb3 29. Ne1 Nc5 30. g3 Qe8 31. Kg2 Qd7 32. Nf3 Nb7 
33. Nb2 Rxa5 34. Nd3 Qd6 35. Rxa5 Nbxa5 36. Qa2 Rb8 37. Nd2 Ra8 38. g4 Nb7 
39. g5 a5 40. Qb1 Rb8 41. g6+ Kg8 42. Qa2 Ra8 43. Qb3 Ncd8 44. Nc4 a4 
45. Qa2 Qe7 46. Ncxe5 a3 47. f4 Na5 48. Nb4 Nab7 49. Nbd3 Na5 50. Nb4 Nab7 
51. Nbd3 1/2-1/2

[Event "Tuesday Night Engine Tour 13 Rd Swiss 5m+1s Starts at 2200hrs"]
[Site "Infinity Chess"]
[Date "2018.1.30"]
[Round "7"]
[White "Coco69"]
[Black "RonWeasley"]
[Result "1/2-1/2"]
[ECO "C11"]
[WhiteElo "2508"]
[BlackElo "2538"]
[WhiteEngine "Raubfisch X37c_CTG"]
[BlackEngine "BrainFish 060118_CTG"]
[EventType "Swiss"]
[WhiteTeam ""]
[BlackTeam ""]
[PlyCount "166"]
[TimeControl "300+1"]

1. e4 e6 2. d4 d5 3. Nc3 Nf6 4. e5 Nfd7 5. f4 c5 6. Nf3 Nc6 7. Be3 cxd4 
8. Nxd4 Qb6 9. Qd2 Qxb2 10. Rb1 Qa3 11. Bb5 Nxd4 12. Bxd4 a6 13. Bxd7+ Bxd7 
14. Rb3 Qe7 15. Rxb7 Rc8 16. O-O Qd8 17. Qf2 Rxc3 18. Bxc3 Qc8 19. Rb3 Ba4 
20. Bd4 Bxb3 21. axb3 Be7 22. Ra1 Qc6 23. Kh1 O-O 24. c3 Ra8 25. f5 a5 
26. f6 Bf8 27. Qf3 a4 28. fxg7 Bxg7 29. bxa4 Rxa4 30. Rf1 Qc7 31. Qe2 Ra3 
32. h3 Rb3 33. Qe3 Rb5 34. Rf4 Rb1+ 35. Kh2 Rb8 36. Qf3 h6 37. Qf2 Rb7 
38. Qg3 Kh7 39. h4 Rb8 40. Rg4 Rg8 41. Kh3 Kh8 42. Qe3 Rf8 43. Rf4 Rb8 
44. Qg3 Rb1 45. Kh2 Rb8 46. Rg4 Rg8 47. Kh3 Kh7 48. Qe3 Rf8 49. Rg3 Rb8 
50. Qe2 Rg8 51. Qg4 Qb7 52. Qf4 Rb8 53. Qg4 Rg8 54. Qd1 Qc7 55. Qh5 Qb7 
56. Kh2 Qc7 57. Kh3 Qb7 58. Qf3 Qc7 59. Qd3+ Kh8 60. Qe2 Qb7 61. Rf3 Rb8 
62. Qf2 Kg8 63. Kh2 Qe7 64. Bc5 Qe8 65. Rg3 Kh8 66. Qf4 Rc8 67. Bd4 Rc7 
68. Qf1 Rc8 69. Qf3 Rc7 70. Rg4 Qf8 71. Rf4 Qe8 72. Kh3 Kg8 73. Rg4 Qf8 
74. g3 Kh7 75. Rf4 Qe8 76. g4 Qb5 77. Rxf7 Rxf7 78. Qxf7 Qd3+ 79. Kg2 Qe2+ 
80. Kh3 Qd3+ 81. Kg2 Qe2+ 82. Kg3 Qe1+ 83. Kg2 Qe2+ 1/2-1/2

[Event "Tuesday Night Engine Tour 13 Rd Swiss 5m+1s Starts at 2200hrs"]
[Site "Infinity Chess"]
[Date "2018.1.30"]
[Round "6"]
[White "Victorious"]
[Black "koalachess"]
[Result "1-0"]
[ECO "E34"]
[WhiteElo "2529"]
[BlackElo "2288"]
[WhiteEngine "BugChess2.41_Release"]
[BlackEngine "asmFishW_2017-11-19_popcnt_CTG"]
[EventType "Swiss"]
[WhiteTeam ""]
[BlackTeam ""]
[PlyCount "167"]
[TimeControl "300+1"]

1. d4 Nf6 2. c4 e6 3. Nc3 Bb4 4. Qc2 d5 5. Nf3 O-O 6. a3 Bxc3+ 7. Qxc3 Nbd7 
8. Bg5 h6 9. Bh4 Re8 10. e3 c5 11. dxc5 g5 12. Bg3 Nxc5 13. b4 Nce4 14. Qb2 a5 
15. Rd1 Bd7 16. b5 a4 17. b6 Qe7 18. Ne5 Qc5 19. Bd3 Qa5+ 20. Kf1 Qc3 
21. Qxc3 Nxc3 22. Rc1 dxc4 23. Nxc4 Nce4 24. Bc7 Bb5 25. Ke1 Nc5 26. Be2 Nb3 
27. Rc2 Na1 28. Rb2 Bxc4 29. Bxc4 Rec8 30. Ke2 Nb3 31. Bxb3 axb3 32. Rxb3 Nd5 
33. Rc1 Ra6 34. Rc5 Ra4 35. h3 Kh7 36. f3 Kg6 37. Kd1 Nf6 38. e4 Nd7 
39. Rcb5 Rd4+ 40. Ke2 Ra8 41. R3b4 Rxb4 42. axb4 Ra2+ 43. Kd3 Rb2 44. Kc3 Rxg2 
45. Ra5 Rf2 46. Ra7 Rxf3+ 47. Kc4 Rxh3 48. Rxb7 Rh4 49. Bd6 Nxb6+ 50. Rxb6 Rxe4+ 
51. Kc5 Re1 52. b5 Rc1+ 53. Kb4 Rb1+ 54. Kc3 Ra1 55. Rb8 Rd1 56. Bb4 Rd7 
57. b6 h5 58. b7 Kf5 59. Kc4 e5 60. Kc5 f6 61. Kc6 Rf7 62. Rf8 Rxb7 63. Kxb7 h4 
64. Be7 h3 65. Rxf6+ Ke4 66. Rh6 g4 67. Bd6 Kd5 68. Kc7 e4 69. Rg6 e3 
70. Rxg4 e2 71. Bg3 h2 72. Rh4 h1=Q 73. Rxh1 Ke4 74. Rh4+ Kd5 75. Kd7 Kc5 
76. Ke6 Kc6 77. Re4 Kc5 78. Bd6+ Kc6 79. Rxe2 Kb5 80. Kd5 Ka4 81. Kc5 Kb3 
82. Be5 Ka4 83. Re3 Ka5 84. Ra3# 1-0

[Event "Tuesday Night Engine Tour 13 Rd Swiss 5m+1s Starts at 2200hrs"]
[Site "Infinity Chess"]
[Date "2018.1.30"]
[Round "6"]
[White "BraveDevil"]
[Black "Ryzen"]
[Result "1/2-1/2"]
[ECO "A46"]
[WhiteElo "2443"]
[BlackElo "2460"]
[WhiteEngine "Cryptic AIL V2"]
[BlackEngine "Houdini 6"]
[EventType "Swiss"]
[WhiteTeam ""]
[BlackTeam ""]
[PlyCount "109"]
[TimeControl "300+1"]

1. d4 Nf6 2. Nf3 d5 3. c4 e6 4. e3 Be7 5. Be2 O-O 6. O-O b6 7. cxd5 exd5 
8. b3 Bd6 9. Ba3 Bxa3 10. Nxa3 Qe7 11. Nb5 c5 12. Rc1 Bb7 13. Qc2 Nbd7 
14. Qb2 Rfd8 15. Rfd1 Nf8 16. Bd3 g6 17. Qa3 a6 18. Nc3 Rac8 19. Ne2 Rd7 
20. Qb2 Rdc7 21. Ne5 N6d7 22. Nxd7 Nxd7 23. dxc5 bxc5 24. Nf4 Nf6 25. Bf1 h6 
26. h3 Re8 27. Rc2 Rec8 28. Qc1 Kh7 29. Be2 d4 30. exd4 cxd4 31. Rxc7 Rxc7 
32. Bc4 Rd7 33. f3 Bd5 34. Bd3 Qd6 35. Ne2 Bc6 36. Qf4 Qe7 37. Nxd4 Bb5 
38. Nxb5 axb5 39. Qc1 Nh5 40. Kf1 Qd8 41. Be2 Rxd1+ 42. Qxd1 Ng3+ 43. Kf2 Qc7 
44. Bxb5 Nf5 45. Qd5 Qa7+ 46. Ke1 Qa5+ 47. Kf2 Qxa2+ 48. Kg1 Qa7+ 49. Kh1 Qe7 
50. Kg1 Qe1+ 51. Kh2 Qg3+ 52. Kh1 Qe1+ 53. Kh2 Qg3+ 54. Kh1 Qe1+ 55. Kh2 1/2-1/2

[Event "Tuesday Night Engine Tour 13 Rd Swiss 5m+1s Starts at 2200hrs"]
[Site "Infinity Chess"]
[Date "2018.1.30"]
[Round "6"]
[White "KillBill2017"]
[Black "star99"]
[Result "1/2-1/2"]
[ECO "B90"]
[WhiteElo "2442"]
[BlackElo "2455"]
[WhiteEngine "Raubfisch ME262_GTZ16b4_CTG"]
[BlackEngine "Cryptic AIL V2"]
[EventType "Swiss"]
[WhiteTeam ""]
[BlackTeam ""]
[PlyCount "126"]
[TimeControl "300+1"]

1. e4 c5 2. Nf3 d6 3. d4 cxd4 4. Nxd4 Nf6 5. Nc3 a6 6. Be3 e5 7. Nb3 Be6 
8. f3 h5 9. Be2 Nbd7 10. Nd5 Nxd5 11. exd5 Bf5 12. O-O h4 13. Qd2 Be7 
14. Na5 Qc8 15. h3 Qxc2 16. Qxc2 Bxc2 17. Rac1 b6 18. Rxc2 bxa5 19. Rd1 a4 
20. Rc4 Rb8 21. Rd2 a5 22. Rxa4 Bd8 23. Rc2 O-O 24. Bf2 g5 25. Be3 Kg7 
26. Kf1 Nf6 27. Bxg5 Nxd5 28. Bd2 f5 29. b3 f4 30. Rc6 Rb6 31. Rc1 Rb8 
32. Rc6 Rb6 33. Rc8 Rb7 34. Ba6 Rd7 35. Bb5 Rc7 36. Rxc7+ Bxc7 37. Bc6 Ne7 
38. Bd7 Rb8 39. Ke2 Kf6 40. Bc3 Nd5 41. Bxa5 Bxa5 42. Rxa5 Ke7 43. Bc6 Ne3 
44. Ra7+ Ke6 45. Rb7 Rxb7 46. Bxb7 Kd7 47. Kf2 Nd1+ 48. Ke1 Ne3 49. a4 Kc7 
50. Be4 d5 51. Bd3 Nxg2+ 52. Kd1 Ne3+ 53. Kd2 Kb6 54. b4 Nc4+ 55. Bxc4 dxc4 
56. Kc3 e4 57. Kxc4 e3 58. a5+ Kb7 59. Kc3 Ka6 60. Kd3 Kb5 61. Kc3 Ka6 
62. Kd3 Kb5 63. Kc3 Ka6 1/2-1/2

[Event "Tuesday Night Engine Tour 13 Rd Swiss 5m+1s Starts at 2200hrs"]
[Site "Infinity Chess"]
[Date "2018.1.30"]
[Round "6"]
[White "Dovahkiin"]
[Black "ocirema"]
[Result "1-0 "]
[ECO "C77"]
[WhiteElo "2466"]
[BlackElo "2495"]
[WhiteEngine "BrainFish_180128_x64_modern_CTG"]
[BlackEngine "stockfish_18012814_x64_modern_CTG"]
[EventType "Swiss"]
[WhiteTeam ""]
[BlackTeam ""]
[PlyCount "107"]
[TimeControl "300+1"]

1. e4 e5 2. Nf3 Nc6 3. Bb5 a6 4. Ba4 Nf6 5. O-O Be7 6. Re1 b5 7. Bb3 O-O 
8. a4 b4 9. a5 d6 10. d3 Be6 11. Bxe6 fxe6 12. Nbd2 Rb8 13. c3 h6 14. h3 Rb5 
15. Nc4 Nh5 16. d4 Qe8 17. dxe5 dxe5 18. Be3 Bc5 19. Kh2 Nf4 20. g3 Nd3 
21. Qxd3 Rxf3 22. Nd2 Rf8 23. Bxc5 Rxc5 24. Nb3 Rb5 25. Kg2 Qf7 26. Rf1 Rd8 
27. Qc4 bxc3 28. bxc3 Rd6 29. Ra4 Qe8 30. Rfa1 Qd7 31. Nc5 Qf7 32. Nd3 Qd7 
33. Nc5 Qf7 34. Rf1 Nxa5 35. Rxa5 Rxa5 36. Nb7 Rb5 37. Nxd6 cxd6 38. Qc8+ Kh7 
39. Qxa6 Qb7 40. Qxb7 Rxb7 41. Ra1 Rb6 42. Ra7 Kg6 43. Rd7 h5 44. Kf3 Rc6 
45. c4 Kf6 46. h4 Rxc4 47. Rxd6 Rc3+ 48. Ke2 Rc2+ 49. Ke3 Rc3+ 50. Kd2 Rb3 
51. Ra6 g6 52. Ke2 Rb2+ 53. Ke3 Rb3+ 54. Kd2 1-0